 Dungeon Crawl Stone Soup version 0.31-a0-277-g31ea1f65cc (webtiles) character file.

Game seed: 16452444797457111048

163076 NinjaNoafa the Warrior (level 17, -2/163 HPs)
             Began as a Ghoul Gladiator on July 14, 2023.
             Was a Believer of Lugonu.
             Slain by a warg (4 damage)
             ... on level 1 of the Orcish Mines on July 15, 2023.
             The game lasted 01:08:39 (21578 turns).

NinjaNoafa the Warrior (Ghoul Gladiator)           Turns: 21578, Time: 01:08:40

Health: -2/163     AC: 29    Str: 25 (30) XL:     17   Next: 82%
Magic:  4/17       EV: 12    Int:  4 (5)  God:    Lugonu [**....]
Gold:   904        SH:  0    Dex: 10 (12) Spells: 16/16 levels left

rFire   + + .        a - +5 lajatang (flame)
rCold   + + +        (shield currently unavailable)
rNeg    + + +        k - +0 gold dragon scales
rPois   ∞            h - +2 helmet
rElec   +            y - +2 cloak
rCorr   .            N - +1 pair of gloves {Str+3}
SInv    .            m - +0 pair of boots {Fly}
Will    +....        i - amulet of faith Stlth
                     J - +5 ring of evasion
HPRegen 0.00/turn    V - ring "Bucur" {rElec rF+ rC+ MP-9 Str+5}
MPRegen 0.15/turn

%: faith
@: on berserk cooldown, flying, inhibited regen
A: claws 1, cold resistance 1, negative energy resistance 3, inhibited
regeneration, torment resistance 2, devour on kill
a: Renounce Religion, Depart the Abyss, Banish


You were on level 1 of the Orcish Mines.
You worshipped Lugonu.
Lugonu was pleased with you.
You visited 4 branches of the dungeon, and saw 23 of its levels.
You visited the Abyss 1 time.
You visited 1 bazaar.
You also visited: Bailey and Gauntlet.

You collected 2280 gold pieces.
You spent 1376 gold pieces at shops.

Inventory:

Hand Weapons
 a - a +5 lajatang of flaming (weapon)
 b - the +8 Wrath of Trog {antimagic, *Rage Rampage}
   (You took it off a minotaur in a Gauntlet)

   It causes slowness and exhaustion when equipped.
   It extends the wielder's berserk rage when killing foes.
   *Rage:     It berserks you when you make melee attacks (+50% chance).
   Rampage:   It bestows one free step when moving towards enemies.
Missiles
 d - 9 throwing nets
 v - 19 javelins
 L - 8 curare-tipped darts
 X - 3 silver javelins (quivered)
Armour
 h - a +2 helmet (worn)
 k - +0 gold dragon scales (worn)
 m - a +0 pair of boots of flying (worn)
 y - a +2 cloak (worn)
 N - a +1 pair of gloves of strength (worn)
Jewellery
 e - a ring of see invisible
 f - the ring of the Sky {rCorr Dex+3}
   (You found it on level 13 of the Dungeon)

   [ring of resist corrosion]

   Dex:       It affects your dexterity (+3).
   rCorr:     It protects you from acid and corrosion.
 i - an amulet of faith (around neck)
 J - a +5 ring of evasion (left hand)
 V - the ring "Bucur" (right hand) {rElec rF+ rC+ MP-9 Str+5}
   (You found it in a Gauntlet)

   [ring of protection from fire]

   Str:       It affects your strength (+5).
   rF:        It protects you from fire.
   rC:        It protects you from cold.
   rElec:     It insulates you from electricity.
   MP:        It affects your magic capacity (-9).
Wands
 r - a wand of paralysis (8)
 z - a wand of mindburst (20)
 G - a wand of flame (14)
 K - a wand of digging (8)
 T - a wand of roots (3)
Scrolls
 j - 4 scrolls of blinking
 l - 7 scrolls of fear
 o - 9 scrolls of teleportation
 p - 5 scrolls of vulnerability
 w - 5 scrolls of immolation
 A - 3 scrolls of butterflies
 F - a scroll of silence {unknown}
 I - 3 scrolls of poison
 P - 3 scrolls of fog
 S - a scroll of torment
 Y - 2 scrolls of revelation {unknown}
Potions
 n - 6 potions of curing
 s - 6 potions of might
 t - 5 potions of mutation
 u - 3 potions of cancellation
 x - 5 potions of brilliance
 B - 3 potions of invisibility
 C - a potion of experience
 M - 7 potions of enlightenment
 Q - a potion of resistance
 U - 5 potions of attraction
Miscellaneous
 c - a tin of tremorstones (1/2)
 q - a lightning rod (4/4)
 H - a phial of floods (inert)
 O - a phantom mirror (inert)
 Z - a box of beasts


   Skills:
 + Level 18.1 Fighting
 - Level 5.0 Axes
 - Level 14.0 Staves
 - Level 4.0 Ranged Weapons
 - Level 1.8 Throwing
 - Level 12.0 Armour
 - Level 6.0 Dodging
 - Level 5.0 Stealth
 - Level 14.0 Invocations
 - Level 10.0 Evocations


You had 16 spell levels left.
You didn't know any spells.
Your spell library contained the following spells:

 Spells                   Type           Power      Damage    Failure   Level
 Apportation              Tloc           0%         N/A       100%        1
 Foxfire                  Conj/Fire      0%         2x1d4     100%        1
 Shock                    Conj/Air       0%         1d3       100%        1
 Slow                     Hex            0%         N/A       100%        1
 Summon Small Mammal      Summ           0%         N/A       100%        1
 Lesser Beckoning         Tloc           0%         N/A       100%        2
 Call Canine Familiar     Summ           0%         N/A       100%        3
 Confusing Touch          Hex            0%         N/A       100%        3
 Gell's Gravitas          Tloc           0%         N/A       100%        3
 Ignite Poison            Fire/Tmut/Pois 0%         N/A       100%        3
 Inner Flame              Hex/Fire       0%         N/A       100%        3
 Ozocubu's Armour         Ice            0%         N/A       100%        3
 Portal Projectile        Hex/Tloc       0%         N/A       100%        3
 Summon Guardian Golem    Hex/Summ       0%         N/A       100%        3
 Teleport Other           Tloc           0%         N/A       100%        3
 Vampiric Draining        Necr           0%         2d6       100%        3
 Vhi's Electric Charge    Tloc/Air       0%         N/A       100%        3
 Animate Dead             Necr           0%         N/A       100%        4
 Fulminant Prism          Conj/Hex       0%         3d5       100%        4
 Leda's Liquefaction      Hex/Erth       0%         N/A       100%        4
 Sticky Flame             Conj/Fire      0%         2d3       100%        4
 Alistair's Intoxication  Tmut/Pois      0%         N/A       100%        5
 Arcjolt                  Conj/Air       0%         1d10      100%        5
 Borgnjor's Vile Clutch   Necr/Erth      0%         N/A       100%        5
 Metabolic Englaciation   Hex/Ice        0%         N/A       100%        5
 Summon Forest            Summ/Tloc      0%         N/A       100%        5
 Summon Mana Viper        Hex/Summ       0%         N/A       100%        5
 Yara's Violent Unravell  Hex/Tmut       0%         3d3       100%        5
 Death Channel            Necr           0%         N/A       100%        6
 Eringya's Noxious Bog    Tmut/Pois      0%         4d6       100%        6
 Plasma Beam              Fire/Air       0%         2x1d10    100%        6
 Simulacrum               Ice/Necr       0%         N/A       100%        6
 Summon Cactus Giant      Summ           0%         N/A       100%        6
 Enfeeble                 Hex            0%         N/A       100%        7
 Summon Hydra             Summ           0%         N/A       100%        7
 Ignition                 Fire           0%         3d3       100%        8


Dungeon Overview and Level Annotations

Branches:
Dungeon (15/15) Zot: 25047  Temple (1/1) D:6 Zot: 5810    Lair (5/5) D:10 Zot: 25047
  Swamp (0/4) Lair:2        Snake (0/4) Lair:3        Slime (0/5) Lair:4
    Orc (2/2) D:11 Zot: 10947  Vaults (0/5) D:14         Depths (0/4) D:15
 Bailey (visited)         Gauntlet (visited)
    Elf: Orc:2

Altars:
Ashenzari
Cheibriados
Dithmenos
Fedhas
Gozag
Hepliaklqana
Kikubaaqudgha
Makhleb
Nemelex Xobeh
Okawaru
Qazlal
Ru
Sif Muna
Trog
Uskayaw
Vehumet
Wu Jian
Xom
Yredelemnul
Jiyva

Shops:
D:1 *   Orc:2 (:[

Portals:
Trove: D:11 (give 2 scrolls of acquirement)

Annotations:
Lair:4 1 runed translucent door
Abyss:1 Snorg


Innate Abilities, Weirdness & Mutations

You are immune to poison.
You have sharp fingernails.
Your flesh is cold resistant. (rC+)
You are immune to negative energy. (rN+++)
You do not regenerate when monsters are visible.
You are immune to unholy pain and torment.
You thrive by killing the living.


Message History

You regained 6 hp, and now have 8/163 hp.
The warg bites your butterfly.
Your butterfly dies!
Your butterfly disappears in a burst of colours!
The warg bites your butterfly!
Your butterfly dies!
Your butterfly disappears in a burst of colours!
The warg barely misses your butterfly.
The cyclops barely misses your butterfly.
The warg bites your butterfly.
Your butterfly dies!
Your butterfly disappears in a burst of colours!
There is a stone staircase leading up here.
The warg misses you.
The cyclops barely misses your butterfly.
The warg bites you but does no damage.
You fly upwards.
Your summoned allies are left behind.
There is a stone staircase leading down here.
You hit the warg but do no damage. The warg bites you.
* * * LOW HITPOINT WARNING * * *
You take 6 damage, and have 2/163 hp.
You feel better.
You feel yourself speed up. The warg barely misses you. x2
You regained 6 hp, and now have 8/163 hp.
You barely miss the warg. The warg bites you.
* * * LOW HITPOINT WARNING * * *
You take 6 damage, and have 2/163 hp.
Aim the phial where?
Press: ? - help, Shift-Dir - straight line, f - warg
Aim: a warg (moderately wounded)
The torrent of water hits the warg!
The warg is engulfed in water.
The wave splashes down.
The warg closely misses you. The warg attacks as you move away!
The warg bites you but does no damage. x2
Aiming: Fastroot
Press: ? - help, Shift-Dir - straight line, p - warg The roots erupt in riotous growth!
Roots grab the warg.
The grasping roots constrict the warg!
The warg bites you.
You die...

[#).[...####..........##
.#)......##...........##
...).#.................#
....#####......###....##
...####.....>..##.....#
......#...............#
.#..........~~~~..##.##
..##.....##~~~~....###
.##.....#.#~~~>h@..#
####.......~~#~...##
..#.......#~###.###
.....#......#####
...####......#
....####...###
.....###....#
.....#...#### ##.......#


You could see a warg (rooted, waterlogged).

Vanquished Creatures
  A bone dragon (Abyss:2)
  Rupert (Lair:5)
  Kirke (Lair:5)
  A deep elf sorcerer (Abyss:3)
  An orc warlord (Bailey)
  A dire elephant (D:15)
  Azrael (Orc:2)
  2 ettins
  Josephine (D:11)
  Harold (D:11)
  A rakshasa (D:13)
  4 vault guards (D:14)
  4 hydras
  5 catoblepae (Lair:5)
  An ogre mage (D:11)
  6 centaur warriors
  Erolcha (Orc:1)
  Erica (D:9)
  6 boulder beetles
  A death knight (D:14)
  8 two-headed ogres
  23 death yaks
  A dancing weapon (Lair:2)
  A tengu warrior (D:15)
  The ghost of salammoniac the Grappler, a novice DrSh of Gozag (D:8)
  Urug (Lair:4)
  A deep troll earth mage (D:13)
  The ghost of GloriousHammer the Skirmisher, a journeyman SpHu of Fedhas (Lair:2)
  A wretched star (Abyss:3)
  Sonja (Lair:4)
  4 skysharks
  An orange crystal statue (Lair:5)
  2 orc knights (Bailey)
  2 wizards (Gauntlet)
  3 deep elf pyromancers (D:13)
  12 ugly things
  A wolf spider (D:15)
  An orc sorcerer (Orc:2)
  5 elephants
  12 cyclopes
  3 manticores
  6 black mambas
  A naga mage (D:15)
  15 cane toads
  2 torpor snails (Lair:2)
  Maurice (D:11)
  2 smoke demons (Abyss:3)
  Maggie (D:9)
  3 gargoyles
  4 rime drakes
  A kobold demonologist (D:11)
  3 freezing wraiths
  11 komodo dragons
  An ice devil (Gauntlet)
  2 ancient zymes
  5 trolls
  3 meliai (Gauntlet)
  2 polar bears (Lair:1)
  24 blink frogs
  2 large abominations (Abyss:3)
  A raiju (Abyss:2)
  3 dream sheep (Lair:2)
  21 slime creatures
  Sigmund (D:6)
  4 wraiths
  3 shadows
  41 yaks
  A vampire (D:14)
  5 wyverns
  A ynoxinul (Abyss:3)
  3 fire elementals
  5 water elementals
  A steam dragon (D:6)
  3 small abominations
  4 hogs (Lair:5)
  Eustachio (D:5)
  2 basilisks
  A neqoxec (Abyss:2)
  A redback (D:13)
  Menkaure (D:5)
  3 acid dragons
  4 wargs
  12 vampire mosquitoes
  9 water moccasins
  2 hell hounds (Orc:2)
  19 orc warriors
  A black bear (D:6)
  An ice beast (D:7)
  2 sky beasts (D:7)
  8 ogres
  3 boggarts (D:15)
  9 centaurs
  18 wolves
  2 phantoms (D:11)
  4 kobold brigands
  8 scorpions
  16 bullfrogs
  11 wights
  3 troll zombies (D:11)
  6 killer bees
  10 electric eels
  6 howler monkeys
  6 lava snakes
  6 hounds
  6 jellies
  2 gnoll boudas
  15 orc priests
  4 sleepcaps
  Crazy Yiuf (D:5)
  18 orc wizards
  2 iguanas
  6 hell rats (Lair:5)
  5 ogre zombies (D:11)
  47 gnolls
  6 adders
  2 shadow imps (Gauntlet)
  4 white imps (Gauntlet)
  2 ufetubi (D:6)
  2 worms (D:2)
  4 dart slugs
  69 orcs
  5 ball pythons
  9 endoplasms
  7 giant cockroaches
  18 goblins
  22 hobgoblins
  19 jackals
  13 kobolds
  3 quokkas
  4 bats
  2 frilled lizards
  2 goblin skeletons (D:11)
  3 goblin zombies (D:11)
  A hobgoblin skeleton (D:11)
  A hobgoblin zombie (D:11)
  3 orc skeletons (D:11)
  15 orc zombies (D:11)
  7 rats
  4 butterflies
820 creatures vanquished.

Vanquished Creatures (collateral kills)
  A minotaur (Gauntlet)
1 creature vanquished.

Vanquished Creatures (others)
  An orc wizard (Orc:2)
  2 orcs (Orc:2)
  2 kobolds (D:11)
  A butterfly (D:15)
  A fire vortex (D:15)
  5 spectral weapons
12 creatures vanquished.

Grand Total: 833 creatures vanquished

Notes
Turn   | Place    | Note
-------+----------+-------------------------------------------
     0 | D:1      | NinjaNoafa the Ghoul Gladiator began the quest for the Orb.
     0 | D:1      | Reached XP level 1. HP: 17/17 MP: 0/0
   117 | D:1      | Reached XP level 2. HP: 24/24 MP: 1/1
   169 | D:1      | Reached skill level 1 in Ranged Weapons
   535 | D:1      | Found Zeaqubas's Assorted Antiques.
   815 | D:2      | Reached XP level 3. HP: 29/29 MP: 2/2
  1186 | D:2      | Reached XP level 4. HP: 36/36 MP: 3/3
  1366 | D:2      | Found Ladaa's Magic Scroll Boutique.
  1379 | D:2      | Bought a scroll of identify for 20 gold pieces
  1379 | D:2      | Bought a scroll of identify for 20 gold pieces
  1382 | D:2      | Identified a scroll of acquirement
  1391 | D:2      | Acquired the +8 lajatang of Oveppu {spect, Will+ Str+5}
  1527 | D:3      | Found a faded altar of an unknown god.
  1567 | D:3      | Reached skill level 1 in Stealth
  1674 | D:3      | Reached XP level 5. HP: 21/41 MP: 4/4
  1842 | D:3      | Noticed an ogre
  2138 | D:2      | Killed an ogre
  2139 | D:2      | Reached XP level 6. HP: 48/48 MP: 5/5
  2455 | D:3      | Reached XP level 7. HP: 50/55 MP: 6/6
  2764 | D:3      | Reached skill level 5 in Staves
  3203 | D:4      | Identified the +3 ring mail of the Shoals {rElec Str+2
                  | Stlth-}
  3411 | D:5      | Entered Level 5 of the Dungeon
  3486 | D:5      | Noticed Eustachio
  3496 | D:5      | Killed Eustachio
  3497 | D:5      | Reached skill level 3 in Fighting
  3497 | D:5      | Reached XP level 8. HP: 61/63 MP: 7/7
  3562 | D:5      | Noticed Menkaure
  3569 | D:5      | Killed Menkaure
  3695 | D:5      | Found a shadowy altar of Dithmenos.
  3696 | D:5      | Found a sparkling altar of Nemelex Xobeh.
  3950 | D:5      | Reached skill level 4 in Fighting
  4028 | D:5      | Found a runed translucent door.
  4029 | D:5      | Noticed Crazy Yiuf
  4214 | D:5      | Killed Crazy Yiuf
  4215 | D:5      | Reached skill level 5 in Stealth
  4304 | D:6      | Reached skill level 5 in Fighting
  4346 | D:6      | Noticed Sigmund
  4348 | D:6      | Reached skill level 1 in Evocations
  4348 | D:6      | Reached XP level 9. HP: 52/74 MP: 4/8
  4354 | D:6      | Killed Sigmund
  4454 | D:6      | Found an ornate altar of the Wu Jian Council.
  4622 | D:6      | Found a staircase to the Ecumenical Temple.
  4630 | Temple   | Entered the Ecumenical Temple
  4904 | D:6      | Found a shimmering blue altar of Sif Muna.
  5006 | Temple   | Became a worshipper of Qazlal Stormbringer
  5103 | D:7      | Found a flagged portal.
  5132 | D:7      | Found an opulent altar of Gozag.
  5145 | Bailey   | Entered a bailey
  5161 | Bailey   | Reached * piety under Qazlal
  5167 | Bailey   | Noticed an orc knight
  5179 | Bailey   | Killed an orc knight
  5180 | Bailey   | Reached XP level 10. HP: 60/81 MP: 5/9
  5226 | Bailey   | Noticed an orc knight
  5233 | Bailey   | Killed an orc knight
  5339 | Bailey   | Reached ** piety under Qazlal
  5374 | Bailey   | Noticed an orc warlord
  5407 | Bailey   | Reached skill level 10 in Staves
  5416 | Bailey   | Killed an orc warlord
  5468 | Bailey   | Acquired a manual of Fighting
  5641 | D:7      | Reached skill level 1 in Invocations
  5662 | D:7      | Found a sacrificial altar of Ru.
  5719 | D:7      | Found a runed translucent door.
  5751 | D:7      | Found a runed translucent door.
  6055 | D:8      | Reached skill level 5 in Evocations
  6084 | D:8      | Found an iron altar of Okawaru.
  6102 | D:8      | Reached XP level 11. HP: 86/86 MP: 12/12
  6124 | D:8      | Reached *** piety under Qazlal
  6171 | D:8      | Found a radiant altar of Vehumet.
  6420 | D:8      | Reached skill level 5 in Invocations
  6518 | D:8      | Found a runed translucent gate.
  6518 | D:8      | Found a runed translucent gate.
  6519 | D:8      | Found a runed translucent gate.
  6519 | D:8      | Noticed salammoniac's ghost (novice DrSh)
  6877 | D:8      | Found a viscous altar of Jiyva.
  6947 | D:9      | Noticed a two-headed ogre
  6948 | D:9      | Killed a two-headed ogre
  7012 | D:9      | Noticed a six-headed hydra
  7019 | D:9      | Noticed Maggie
  7024 | D:9      | Found a hazy altar of Hepliaklqana.
  7024 | D:9      | Noticed Erica
  7491 | D:9      | Killed a ten-headed hydra
  7492 | D:9      | Reached skill level 6 in Fighting
  7561 | D:9      | Killed Erica
  7712 | D:9      | Reached skill level 7 in Fighting
  7734 | D:9      | Killed Maggie
  7857 | D:10     | Entered Level 10 of the Dungeon
  7922 | D:10     | Noticed a death yak
  7923 | D:10     | Noticed a death yak
  7927 | D:10     | Killed a death yak
  7928 | D:10     | Reached skill level 8 in Fighting
  7929 | D:10     | Noticed a death yak
  7930 | D:10     | Noticed a death yak
  7931 | D:10     | Noticed a two-headed ogre
  7933 | D:10     | Noticed a death yak
  7936 | D:10     | Killed a death yak
  7939 | D:10     | Noticed a death yak
  7939 | D:10     | Noticed a death yak
  7952 | D:10     | Killed a death yak
  7953 | D:10     | Reached XP level 12. HP: 38/103 MP: 7/15
  7955 | D:10     | Killed a two-headed ogre
  7955 | D:10     | Reached **** piety under Qazlal
  7956 | D:10     | Reached skill level 9 in Fighting
  7960 | D:10     | Killed a death yak
  7963 | D:10     | Killed a death yak
  7966 | D:10     | Killed a death yak
  7967 | D:10     | Reached skill level 10 in Fighting
  8095 | D:10     | Found a blossoming altar of Fedhas.
  8122 | D:10     | Found a staircase to the Lair.
  8139 | D:10     | Killed a death yak
  8206 | D:10     | Found a broken altar of Ashenzari.
  8354 | D:10     | Noticed a two-headed ogre
  8366 | D:10     | Killed a two-headed ogre
  8444 | D:11     | Noticed a boulder beetle
  8527 | D:10     | Killed a boulder beetle
  8597 | Lair:1   | Entered Level 1 of the Lair of Beasts
  8803 | Lair:1   | Reached skill level 11 in Fighting
  8856 | Lair:1   | Reached ***** piety under Qazlal
  8875 | Lair:1   | Reached skill level 12 in Fighting
  8896 | Lair:1   | Reached XP level 13. HP: 118/118 MP: 17/17
  9508 | Lair:2   | Reached skill level 13 in Fighting
  9854 | Lair:2   | Reached skill level 14 in Fighting
 10031 | Lair:2   | You fall into a shaft and drop 1 floor!
 10093 | Lair:1   | Reached skill level 15 in Fighting
 10093 | Lair:1   | Reached skill level 10 in Invocations
 10120 | Lair:2   | Found a staircase to the Swamp.
 10178 | Lair:2   | Reached skill level 16 in Fighting
 10200 | Lair:2   | Found a runed translucent door.
 10200 | Lair:2   | Found a shimmering altar of Xom.
 10200 | Lair:2   | Noticed GloriousHammer's ghost (journeyman SpHu)
 10627 | Lair:3   | Found a sacrificial altar of Ru.
 10655 | Lair:2   | Killed GloriousHammer's ghost
 10777 | D:8      | Killed salammoniac's ghost
 11004 | Lair:3   | Reached skill level 17 in Fighting
 11015 | Lair:3   | Reached XP level 14. HP: 132/140 MP: 18/20
 11060 | Lair:3   | Identified the +1 war axe "Giantslayer" {flame, Int+3}
 11295 | Lair:3   | Found a staircase to the Snake Pit.
 11731 | Lair:4   | Noticed Urug
 11738 | Lair:4   | Killed Urug
 11831 | Lair:4   | Reached skill level 18 in Fighting
 11937 | Lair:4   | Noticed Sonja
 11965 | Lair:4   | Killed Sonja
 12079 | Lair:4   | Found a runed translucent door.
 12080 | Lair:4   | Found a viscous altar of Jiyva.
 12080 | Lair:4   | Found a staircase to the Slime Pits.
 12080 | Lair:4   | Noticed an acid blob
 12080 | Lair:4   | Noticed an acid blob
 12080 | Lair:4   | Noticed an acid blob
 12443 | Lair:5   | Entered Level 5 of the Lair of Beasts
 12443 | Lair:5   | Noticed Rupert
 12449 | Lair:5   | Killed Rupert
 12571 | Lair:5   | Reached ****** piety under Qazlal
 12579 | Lair:5   | Reached skill level 5 in Armour
 12579 | Lair:5   | Reached skill level 5 in Dodging
 12902 | Lair:5   | Reached XP level 15. HP: 125/149 MP: 16/22
 12908 | Lair:5   | Noticed Kirke
 12935 | Lair:5   | Killed Kirke
 14044 | D:1      | Bought a coppery potion for 27 gold pieces
 14044 | D:1      | Bought a scroll of identify for 60 gold pieces
 14044 | D:1      | Bought a scroll of identify for 60 gold pieces
 14044 | D:1      | Bought a scroll labelled PUTZAW KAQISMO for 30 gold pieces
 14044 | D:1      | Bought a scroll labelled PUTZAW KAQISMO for 30 gold pieces
 14087 | D:2      | Bought a scroll of fear for 40 gold pieces
 14087 | D:2      | Bought a scroll of blinking for 75 gold pieces
 14087 | D:2      | Bought a scroll of teleportation for 30 gold pieces
 14087 | D:2      | Bought a scroll of vulnerability for 40 gold pieces
 14087 | D:2      | Bought a scroll of immolation for 40 gold pieces
 14087 | D:2      | Bought a scroll of blinking for 75 gold pieces
 14087 | D:2      | Bought a scroll of fear for 40 gold pieces
 14087 | D:2      | Bought a scroll of teleportation for 30 gold pieces
 14605 | D:11     | Noticed Maurice
 14610 | D:11     | Killed Maurice
 14735 | D:11     | Found a shadowy altar of Dithmenos.
 14874 | D:11     | Found a staircase to the Orcish Mines.
 15362 | D:11     | Found a portal to a secret trove of treasure.
 16925 | D:13     | Identified the ring of the Sky {rCorr Dex+3}
 17207 | D:14     | Reached XP level 16. HP: 124/157 MP: 21/24
 17256 | D:14     | Reached skill level 10 in Evocations
 17320 | D:14     | Found a flickering gateway to a bazaar.
 17326 | Bazaar   | Entered a bazaar
 17328 | Bazaar   | Found Fedibise's Antique Weapon Boutique.
 17332 | Bazaar   | Found Bos Tuj's Antique Weapon Boutique.
 17332 | Bazaar   | Found Xeutzim's Jewellery Boutique.
 17333 | Bazaar   | Found Veumut's Distillery.
 17354 | Bazaar   | Bought an amulet of faith for 440 gold pieces
 17385 | Bazaar   | Bought 2 potions of curing for 66 gold pieces
 17385 | Bazaar   | Bought a potion of curing for 33 gold pieces
 17385 | Bazaar   | Bought a potion of heal wounds for 55 gold pieces
 17385 | Bazaar   | Bought a potion of might for 44 gold pieces
 17385 | Bazaar   | Bought a potion of curing for 33 gold pieces
 17385 | Bazaar   | Bought a potion of heal wounds for 55 gold pieces
 17385 | Bazaar   | Bought a potion of curing for 33 gold pieces
 17521 | D:14     | Found a gate to the Vaults.
 17901 | D:15     | Entered Level 15 of the Dungeon
 17930 | D:15     | Upgraded the game from 0.31-a0-271-gb88eb75e06 to
                  | 0.31-a0-277-g31ea1f65cc
 18202 | D:15     | Found a gate leading to a gauntlet.
 18228 | Gauntlet | Entered a Gauntlet
 18228 | Gauntlet | Found a transporter.
 18228 | Gauntlet | Found a transporter.
 18234 | Gauntlet | Found a transporter.
 18247 | Gauntlet | Found a transporter.
 18265 | Gauntlet | Found a transporter.
 18265 | Gauntlet | Found a transporter.
 18265 | Gauntlet | Found a transporter.
 18267 | Gauntlet | Found a transporter.
 18267 | Gauntlet | Found a transporter.
 18279 | Gauntlet | Found a transporter.
 18295 | Gauntlet | Found a transporter.
 18305 | Gauntlet | Found a transporter.
 18310 | Gauntlet | Found a transporter.
 18352 | Gauntlet | Found a transporter.
 18462 | Gauntlet | Identified the ring "Bucur" {rElec rF+ rC+ MP-9 Str+5}
 18473 | Gauntlet | Got Evuasaw's Codex of Power and Wildfire
 18560 | Gauntlet | Found the +8 lance "Wyrmbane" {slay drac, rPois rF+ rC+
                  | AC+3}
 18624 | Gauntlet | Identified the +2 flail "Athrar" {flame, rElec rC+ Stlth+}
 18869 | D:15     | Reached skill level 1 in Axes
 19004 | D:15     | Found a staircase to the Depths.
 19698 | Orc:1    | Entered Level 1 of the Orcish Mines
 19708 | Orc:1    | Noticed Harold
 19713 | Orc:1    | Noticed Josephine
 19786 | D:11     | Killed Josephine
 19803 | D:11     | Killed Harold
 20185 | Orc:2    | Entered Level 2 of the Orcish Mines
 20186 | Orc:2    | Noticed Erolcha
 20188 | Orc:2    | Noticed Azrael
 20188 | Orc:2    | Found Baotoxzi's Book Shoppe.
 20196 | Abyss:1  | Cast into level 1 of the Abyss (Erolcha)
 20230 | Abyss:2  | Noticed a bone dragon
 20248 | Abyss:2  | Killed a bone dragon
 20333 | Abyss:2  | Noticed a bone dragon
 20403 | Abyss:3  | Reached skill level 5 in Axes
 20485 | Abyss:3  | Found a corrupted altar of Lugonu.
 20492 | Abyss:3  | Identified the ring of Zougroen {rC- rN+++ Str+5 Int-3
                  | Dex+6}
 20493 | Abyss:3  | Reached skill level 10 in Armour
 20524 | Abyss:3  | Fell from the grace of Qazlal
 20524 | Abyss:3  | Became a worshipper of Lugonu the Unformed
 20524 | Abyss:3  | Reached * piety under Lugonu
 20524 | Abyss:3  | Reached ** piety under Lugonu
 20525 | Orc:2    | Escaped the Abyss
 20526 | Orc:2    | Found Voicy's Antique Weapon Shop.
 20536 | Orc:2    | Reached XP level 17. HP: 49/163 MP: 17/26
 21203 | Orc:2    | Found Qepsuub's Antique Armour Emporium.
 21208 | Orc:2    | Noticed Snorg
 21253 | Orc:1    | Killed Erolcha
 21559 | Orc:2    | Killed Azrael
 21561 | Orc:2    | HP: 8/163 [Snorg (7)]
 21564 | Orc:2    | HP: 3/163 [Snorg (8)]
 21565 | Orc:2    | Banished Snorg
 21572 | Orc:1    | HP: 2/163 [warg (6)]
 21578 | Orc:1    | Slain by a warg

Illustrated notes

Levels and vault maps discovered:
D:1:      dpeg_arrival_simpleton_a, layout_basic, serial_shops,
          nicolae_shop_peninsula
D:2:      layout_basic, serial_shops, nicolae_shop_tiny_glass
D:3:      lemuel_castle_with_subvaults [lemuel_castle_interior_original],
          layout_loops_cross, chequers_ecumenical_altar_simple, minivault_24,
          roderic_lattice_a, minmay_misc_feat_secret_circle
D:4:      layout_rooms, nicolae_tso_carved_into_rock, marbit_many_paths
D:5:      layout_cave_pools, gammafunk_temple_overflow_pools,
          serial_column_ruins, column_ruins_hut, column_ruins_hut,
          column_ruins_columns_corner, column_ruins_open_medium_water,
          column_ruins_columns_corner, column_ruins_open_tiny_water,
          column_ruins_open_small, column_ruins_open_tiny_water, uniq_menkaure,
          uniq_eustachio, uniq_crazy_yiuf_cottage
D:6:      layout_cave_pools, nicolae_sif_muna_little_library,
          nicolae_wu_jian_wuxing_cycle, minmay_temple_entry_enclosed_plants,
          hex_medium, uniq_sigmund
D:7:      lemuel_insect_pit, layout_rooms, nicolae_ru_great_annihilating_truth,
          nicolae_gozag_seed_capital, enter_bailey_4, minmay_misc_feat_enclosed,
          kennysheep_small_square
D:8:      layout_basic, mainiacjoe_overflow_cross_hatched,
          mainiacjoe_overflow_alcove_1, amcnicky_altar_gilded,
          gammafunk_ghost_ooze
D:9:      layout_roguey, lemuel_coloured_pillars_altar, uniq_erica, uniq_maggie
D:10:     layout_roguey, mainiacjoe_overflow_tiny_flanked,
          mainiacjoe_overflow_six_doors_small, dpeg_lair_monsters
D:11:     layout_basic, zombieorc2_lemuel, enter_trove_3,
          nicolae_dithmenos_through_a_glass_darkly, uniq_maurice
D:12:     layout_stronghold
D:13:     layout_rooms, onia_ninara_dug_in_and_dangerous
D:14:     layout_basic, lightli_vaults_fourway_checkpoint, serial_shops,
          bzr_entry_safe, hangedman_abyss_or_decor_clamps
D:15:     hangedman_depths_entry_try_elsewhere_first, layout_basic,
          gauntlet_entry_generic, grunt_decor_one_mirror, grunt_decor_junction,
          nicolae_elyvilon_peaceful_grove
Temple:   nicolae_temple_godpark
Lair:1:   layout_regular_city, nzn_random_ring, infiniplex_staircase_pool_2
Lair:2:   layout_loops_ring, swamp_mist, ebering_ghost_xom, lemuel_fruit_fields
Lair:3:   layout_regular_city, dummy_snake_entry, basic_altar,
          grunt_megastairs_2, serial_bayou_shore_b, serial_bayou_shore_a,
          infiniplex_staircase_pool
Lair:4:   layout_roguey, slime_entry_2, uniq_sonja, uniq_urug
Lair:5:   evilmike_catoblepas_cave, layout_cellular_growth, disabler_island,
          uniq_rupert, uniq_kirke
Orc:1:    layout_diamond_mine, uniq_josephine, uniq_harold
Orc:2:    grunt_orc_gardens, layout_diamond_mine, grunt_orc_garden,
          grunt_orc_garden, grunt_orc_garden, grunt_orc_garden,
          portal_ice_cave_rime, uniq_erolcha, uniq_snorg, uniq_azrael

Skill      XL: |  1  2  3  4  5  6  7  8  9 10 11 12 13 14 15 16 17 |
---------------+----------------------------------------------------+-----
Staves         | 3 5 8 10 12 14 | 14.0
Ranged Weapons | 1 2 3 4 |  4.0
Stealth        | 2 3 5 |  5.0
Armour         | 2 3 4 6 8 11 12 | 12.0
Fighting       | 3 5 8 12 17 18 | 18.1
Dodging        | 3 4 6 |  6.0
Evocations     | 1 4 5 6 7 9 10 | 10.0
Invocations    | 3 6 7 10 11 13 14 | 14.0
Axes           | 5 |  5.0
Throwing       | |  1.8

Action                     |  1- 3 |  4- 6 |  7- 9 | 10-12 | 13-15 | 16-18 || total
---------------------------+-------+-------+-------+-------+-------+-------++-------
  Melee: Quarterstaff      |    11 |       |       |     4 |     7 |     3 ||    25
         Lajatang          |       |    59 |   164 |   299 |   608 |   232 ||  1362
         Battleaxe         |       |       |       |       |       |    89 ||    89
   Fire: Arbalest          |    82 |    30 |    11 |       |       |       ||   123
  Throw: Throwing net      |       |       |       |     2 |       |       ||     2
         Javelin           |       |       |       |       |       |     6 ||     6
 Invoke: Depart the Abyss  |       |       |       |       |       |     1 ||     1
         Banish            |       |       |       |       |       |     1 ||     1
  Evoke: Wand              |       |       |       |    15 |     1 |     8 ||    24
         Piece from Xom's  |       |       |       |       |     2 |       ||     2
         Phantom mirror    |       |       |       |       |       |     1 ||     1
         Phial of floods   |       |       |       |       |       |     1 ||     1
         Tin of tremorston |       |       |       |       |       |     1 ||     1
    Use: Scroll            |       |     5 |     2 |    13 |    14 |    13 ||    47
         Potion            |       |       |       |     2 |     1 |    14 ||    17
   Stab: Paralysed         |       |       |       |     5 |       |       ||     5
         Distracted        |       |       |       |     4 |    12 |     1 ||    17
         Confused          |       |       |       |       |     1 |       ||     1
 Armour: Leather armour    |    23 |    19 |       |       |       |       ||    42
         Plate armour      |       |    24 |    33 |       |       |       ||    57
         Ring mail         |       |       |    74 |   143 |   231 |    33 ||   481
         Gold dragon scale |       |       |       |       |       |   264 ||   264
  Dodge: Dodged            |    50 |    47 |   150 |   180 |   284 |   287 ||   998
         Repelled          |       |       |       |     2 |    13 |     9 ||    24
  Block: Other             |       |       |     1 |    71 |   166 |   136 ||   374

Table legend: (Time is in decaauts)
 A = Elapsed time spent in this place.
 B = Non-inter-level travel time spent in this place.
 C = Inter-level travel time spent in this place.
 D = Time resting spent in this place.
 E = Time spent auto-exploring this place.
 F = Levels seen in this place.
 G = Mean time per level.
                   A        B        C        D        E       F      G
               +--------+--------+--------+--------+--------+-----+--------+
         Total |  21683 |  18736 |   2947 |   1626 |  12153 |  29 |  747.7 |
       Dungeon |  14226 |  12174 |   2052 |   1105 |   8193 |  15 |  948.4 |
        Temple |    190 |    145 |     45 |      0 |    131 |   1 |  190.0 |
          Lair |   4952 |   4201 |    751 |     46 |   3199 |   5 |  990.4 |
  Orcish Mines |   1050 |    953 |     97 |    306 |    303 |   2 |  525.0 |
         Abyss |    325 |    325 |      0 |    138 |     14 |   3 |  108.3 |
        Bazaar |     76 |     76 |      0 |      0 |     23 |   1 |   76.0 |
        Bailey |    422 |    422 |      0 |     31 |    117 |   1 |  422.0 |
      Gauntlet |    440 |    440 |      0 |      0 |    172 |   1 |  440.0 |
               +--------+--------+--------+--------+--------+-----+--------+

Top non-repeatable levels by time:
    D:11: 1840 daAuts
  Lair:5: 1352 daAuts
     D:3: 1318 daAuts
    D:10: 1201 daAuts
  Lair:1: 1036 daAuts
     D:8: 1032 daAuts
     D:5: 1019 daAuts
    D:15: 971 daAuts
     D:2: 950 daAuts
     D:1: 928 daAuts
    D:12: 885 daAuts
  Lair:2: 869 daAuts
  Lair:4: 857 daAuts
   Orc:1: 851 daAuts
  Lair:3: 836 daAuts
